Map: 2000 Atmospheres LE

Players

SortOf - Winner!

  • Race: Zerg Zerg

Hellraiser

  • Race: Protoss Protoss

Event: DreamHack SC2 Masters 2021 Winter

VOD

Have the link to the VOD?

Description

Time

  • Played on: Oct. 10, 2021, 1:55 p.m.
  • Length: 25:25

All games in this series

Show
View Real Time Build Order
Export as new Build Order

SortOf Zerg - Winner!

Build Orders: Hatch First 

Get SALT Encoding   

  12  0:00  Drone  
  13  0:12  Overlord  
  13  0:16  Drone  
  14  0:30  Drone x2  
  16  0:48  Hatchery  
  15  0:51  Drone  
  15  0:55  Drone  
  17  0:58  Drone  
  18  1:05  Extractor  
  17  1:13  Spawning Pool  
  17  1:17  Drone  
  17  1:20  Drone  
  18  1:27  Drone  
  19  1:38  Drone  
  20  1:52  Overlord  
  20  2:00  Queen  
  22  2:01  Queen  
  22  2:02  Drone, Zergling x2  
  26  2:13  Drone  
  26  2:15  Drone  
  28  2:17  Metabolic Boost  
  28  2:22  Drone x2  
  30  2:36  Queen  
  32  2:42  Hatchery  
  31  2:45  Drone x2  
  31  2:49  Overlord  
  33  2:53  Drone  
  33  2:55  Drone  
  35  2:58  Drone  
  36  3:07  Queen  
  36  3:08  Overlord  
  36  3:10  Drone x2  
  36  3:12  Drone  
  41  3:15  Drone  
  41  3:19  Queen  
  44  3:22  Overlord  
  44  3:26  Overlord  
  44  3:32  Drone x2  
  46  3:35  Spore Crawler  
  46  3:38  Overlord  
  45  3:46  Queen  
  47  3:49  Drone x5  
  52  3:55  Drone x2  
  52  3:59  Spore Crawler  
  52  4:00  Drone  
  52  4:01  Drone x2  
  56  4:06  Zergling x2  
  56  4:08  Drone  
  58  4:11  Drone  
  58  4:12  Queen  
  58  4:17  Drone x4  
  62  4:18  Drone  
  62  4:21  Zergling x4  
  62  4:22  Zergling x2  
  62  4:23  Drone  
  69  4:32  Drone x5  
  69  4:35  Lair  
  72  4:39  Roach Warren  
  72  4:41  Extractor  
  72  4:42  Drone x2, Extractor  
  72  4:45  Drone x2  
  73  4:48  Overlord  
  73  4:49  Drone  
  74  4:55  Spore Crawler  
  74  4:57  Overlord  
  72  5:01  Drone  
  72  5:06  Drone x3  
  72  5:07  Drone x3  
  79  5:10  Drone x2, Evolution Chamber  
  80  5:15  Drone  
  80  5:20  Drone  
  82  5:22  Drone x7  
  82  5:24  Overlord, Extractor  
  82  5:25  Extractor  
  82  5:28  Queen  
  87  5:31  Hatchery, Overlord  
  87  5:33  Queen  
  90  5:36  Overlord  
  90  5:40  Overlord  
  89  5:43  Drone x3  
  89  5:48  Glial Reconstitution  
  92  5:51  Extractor  
  92  5:55  Spire  
  92  5:56  Infestation Pit  
  89  6:02  Overlord  
  89  6:03  Zergling x8  
  95  6:06  Queen  
  95  6:08  Drone x3  
  95  6:10  Drone  
  101  6:14  Drone x3  
  101  6:17  Queen  
  105  6:23  Spore Crawler  
  105  6:25  Drone  
  105  6:29  Hatchery  
  103  6:40  Drone x5  
  103  6:44  Evolution Chamber  
  103  6:45  Baneling Nest  
  106  6:50  Overlord  
  105  6:58  Zergling x14  
  110  7:07  Queen x2  
  108  7:10  Overlord  
  107  7:16  Roach x5  
  107  7:17  Roach x5  
  126  7:25  Hatchery  
  126  7:26  Roach x3  
  131  7:34  Roach x2  
  135  7:40  Roach x2  
  135  7:42  Queen  
  135  7:43  Queen  
  143  7:47  Roach  
  143  7:48  Spore Crawler  
  143  7:49  Overlord x4  
  144  7:51  Spore Crawler  
  144  7:53  Overlord  
  143  8:00  Overlord  
  143  8:03  Ravager  
  143  8:04  Ravager x2  
  146  8:10  Roach x4  
  146  8:12  Ravager x10  
  164  8:15  Queen  
  164  8:18  Roach x4  
  174  8:22  Queen  
  174  8:25  Roach  
  174  8:26  Roach x2  
  182  8:31  Overlord  
  182  8:34  Roach x4  
  188  8:42  Queen  
  185  8:48  Zergling x22  
  185  8:51  Zergling x4  
  185  8:52  Ravager  
  185  8:53  Ravager x3  
  199  9:02  Pneumatized Carapace, Queen x2  
  176  9:13  Zergling x6  
  160  9:17  Queen  
  160  9:19  Drone x2  
  160  9:20  Corruptor x3  
  146  9:34  Drone x4  
  146  9:35  Drone x7  
  146  9:37  Queen  
  146  9:38  Queen  
  145  9:43  Corruptor  
  149  9:50  Extractor  
  149  9:51  Extractor  
  147  9:53  Queen  
  149  10:06  Lair  
  147  10:07  Hatchery  
  147  10:08  Zerg Ground Armor Level 1  
  146  10:14  Zergling x42, Evolution Chamber  
  146  10:15  Queen x2  
  146  10:20  Pathogen Glands  
  169  10:29  Queen  
  165  10:49  Infestor x4, Zerg Melee Weapons Level 1  
  171  10:51  Queen x2  
  177  10:59  Spine Crawler  
  177  11:00  Spine Crawler  
  177  11:03  Hatchery  
  174  11:04  Queen  
  174  11:10  Infestor x3  
  164  11:20  Zergling x30  
  179  11:26  Queen  
  179  11:29  Zergling x12  
  186  11:35  Infestor x2  
  185  11:45  Zergling x8  
  183  11:49  Spore Crawler  
  183  11:50  Spore Crawler  
  183  11:51  Hive, Queen x2  
  183  11:52  Spore Crawler x2  
  181  12:02  Corruptor x6, Spore Crawler x3  
  181  12:04  Spore Crawler  
  189  12:09  Spore Crawler  
  189  12:10  Zerg Ground Armor Level 2  
  189  12:12  Spore Crawler  
  189  12:13  Drone x3  
  190  12:21  Drone x7  
  196  12:28  Neural Parasite  
  196  12:31  Overlord  
  196  12:33  Zergling x6  
  196  12:34  Zergling x2  
  196  12:35  Baneling x5  
  196  12:36  Baneling x2  
  200  12:39  Baneling x6  
  197  12:54  Overlord  
  197  12:57  Zergling x14  
  192  13:08  Zerg Melee Weapons Level 2  
  192  13:10  Adrenal Glands  
  192  13:11  Ultralisk Cavern  
  189  13:14  Zergling x22  
  189  13:17  Baneling x3  
  177  13:41  Corruptor x3  
  161  13:47  Unknown  
  161  13:48  Infestor x4  
  156  14:05  Queen x3  
  156  14:06  Baneling  
  156  14:08  Zergling x28  
  161  14:13  Queen x2  
  165  14:25  Ultralisk  
  165  14:26  Ultralisk x2  
  177  14:45  Corruptor  
  173  14:46  Queen x2  
  177  14:57  Ultralisk  
  177  14:58  Queen  
  177  14:59  Queen  
  184  15:04  Greater Spire  
  184  15:06  Spire  
  177  15:13  Chitinous Plating  
  177  15:18  Zergling x12  
  177  15:20  Hatchery  
  177  15:21  Viper  
  182  15:22  Viper  
  188  15:35  Zerg Ground Armor Level 3  
  183  15:52  Infestor x2, Viper  
  183  15:55  Spore Crawler x2  
  183  15:56  Hatchery  
  187  16:00  Zergling x16  
  191  16:16  Zergling x16  
  199  16:19  Overseer x3  
  199  16:20  Zerg Flyer Weapons Level 1  
  199  16:22  Zerg Flyer Armor Level 1  
  199  16:32  Anabolic Synthesis  
  197  16:41  Drone x2  
  190  17:02  Brood Lord x5  
  196  17:10  Zergling x10  
  196  17:11  Zergling x2  
  195  17:25  Drone x4  
  199  17:44  Zerg Melee Weapons Level 3  
  199  17:46  Spore Crawler  
  199  17:48  Spine Crawler, Spore Crawler  
  199  17:49  Spore Crawler  
  194  17:53  Brood Lord x2  
  194  17:56  Zergling x4  
  194  18:09  Corruptor  
  194  18:10  Corruptor x2  
  194  18:11  Overlord x2  
  194  18:12  Overlord  
  200  18:19  Zerg Flyer Armor Level 2, Zerg Flyer Weapons Level 2  
  200  18:29  Spore Crawler  
  200  18:31  Spine Crawler  
  188  18:49  Drone x12  
  188  18:51  Extractor  
  199  19:07  Overlord  
  195  19:14  Corruptor x2  
  199  19:21  Overlord  
  199  19:22  Overlord  
  199  19:29  Hatchery  
  199  19:30  Spore Crawler, Extractor  
  196  19:34  Spore Crawler  
  195  19:40  Hatchery  
  195  19:42  Baneling x2  
  195  19:44  Overseer  
  194  19:47  Zergling x10  
  199  20:00  Overseer  
  199  20:20  Baneling x6  
  199  20:21  Centrifugal Hooks  
  199  20:22  Zerg Missile Weapons Level 1  
  199  20:53  Spore Crawler x3  
  199  20:54  Spore Crawler  
  195  20:57  Zerg Flyer Weapons Level 3, Zerg Flyer Armor Level 3  
  195  20:59  Corruptor x2  
  199  21:05  Extractor  
  199  21:07  Extractor  
  196  21:31  Spore Crawler  
  196  21:32  Spore Crawler  
  194  21:33  Spore Crawler  
  193  21:44  Zergling x22  
  174  22:28  Infestor x3  
  165  22:31  Zergling x26  
  165  22:32  Zergling x42  
  195  22:38  Zergling x6  
  195  22:44  Zergling x14  
  194  22:50  Corruptor  
  194  22:51  Queen x2  
  189  23:09  Corruptor x2  
  189  23:10  Corruptor x6  
  188  23:19  Ultralisk  
  197  23:20  Ultralisk x3  
  193  23:28  Ultralisk  
  190  23:41  Infestor x2  
  187  23:50  Corruptor x3  
  191  24:14  Corruptor x5  
  193  24:21  Corruptor  
  183  24:24  Corruptor  
  177  24:34  Corruptor x2  
  162  24:41  Corruptor  
  162  24:43  Infestor  
Show
View Real Time Build Order
Export as new Build Order

Hellraiser Protoss 

Build Orders: 1 Gate Expand, Oracle Opening, Carriers 

Get SALT Encoding   

  12  0:00  Probe  
  13  0:12  Probe  
  14  0:19  Pylon  
  14  0:24  Probe  
  15  0:37  Probe (Chrono Boost)  
  15  0:38  Gateway  
  16  0:46  Assimilator, Probe (Chrono Boost)  
  17  0:53  Probe  
  18  1:05  Probe  
  19  1:17  Probe  
  20  1:23  Nexus  
  20  1:34  Cybernetics Core  
  20  1:37  Probe  
  21  1:42  Assimilator  
  21  1:49  Probe  
  21  1:52  Pylon  
  22  2:01  Probe (Chrono Boost)  
  23  2:10  Stalker  
  23  2:13  Probe (Chrono Boost)  
  26  2:18  Stargate  
  26  2:21  Probe (Chrono Boost)  
  27  2:27  Probe (Chrono Boost)  
  27  2:29  Warp Gate  
  30  2:37  Probe (Chrono Boost)  
  30  2:39  Probe (Chrono Boost)  
  30  2:40  Adept  
  33  2:44  Probe (Chrono Boost)  
  33  2:45  Probe (Chrono Boost)  
  33  2:49  Probe (Chrono Boost)  
  34  2:53  Void Ray (Chrono Boost)  
  34  2:54  Probe  
  36  3:01  Probe  
  41  3:06  Probe  
  41  3:10  Pylon  
  42  3:13  Probe  
  42  3:18  Gateway, Probe  
  44  3:25  Probe  
  45  3:28  Oracle  
  45  3:30  Probe  
  50  3:42  Probe  
  50  3:43  Nexus  
  50  3:48  Probe  
  51  3:51  Assimilator  
  51  3:53  Assimilator  
  51  3:55  Probe, Pylon  
  51  3:59  Pylon  
  51  4:00  Probe  
  53  4:08  Probe, Stargate  
  54  4:13  Void Ray (Chrono Boost), Probe  
  55  4:18  Shield Battery  
  55  4:20  Probe  
  60  4:26  Probe  
  61  4:32  Probe  
  61  4:38  Probe  
  63  4:40  Pylon  
  63  4:44  Probe  
  64  4:47  Void Ray (Chrono Boost), Assimilator  
  64  4:51  Probe  
  64  4:52  Void Ray (Chrono Boost), Pylon  
  69  4:58  Protoss Air Weapons Level 1, Probe  
  74  5:00  Probe  
  74  5:04  Probe  
  74  5:06  Assimilator  
  76  5:10  Void Ray (Chrono Boost), Probe  
  78  5:16  Probe  
  78  5:17  Void Ray (Chrono Boost)  
  83  5:22  Probe  
  83  5:23  Pylon  
  83  5:24  Probe  
  83  5:28  Probe  
  89  5:35  Probe  
  90  5:36  Probe  
  90  5:38  Adept  
  90  5:40  Void Ray, Probe  
  94  5:46  Robotics Facility  
  94  5:47  Void Ray, Probe  
  99  5:51  Probe  
  99  5:56  Probe  
  105  5:59  Probe  
  106  6:08  Probe  
  106  6:09  Fleet Beacon  
  106  6:10  Probe  
  108  6:14  Stargate  
  108  6:17  Probe  
  109  6:21  Nexus  
  109  6:31  Pylon  
  109  6:32  Pylon  
  109  6:49  Probe x3  
  109  6:52  Shield Battery  
  109  6:53  Carrier x2 (Chrono Boost)  
  109  6:54  Forge, Shield Battery  
  120  7:01  Probe  
  120  7:02  Zealot x2  
  120  7:06  Probe  
  125  7:15  Probe x2, Pylon  
  123  7:16  Pylon  
  123  7:21  Shield Battery  
  123  7:23  Shield Battery  
  123  7:26  Robotics Bay  
  123  7:29  Photon Cannon  
  123  7:30  Carrier (Chrono Boost)  
  123  7:31  Photon Cannon x2  
  123  7:32  Shield Battery  
  123  7:34  Photon Cannon  
  129  7:45  Tempest (Chrono Boost)  
  129  7:49  Probe x2, Tempest (Chrono Boost)  
  141  7:55  Photon Cannon, Pylon  
  141  8:01  Pylon  
  141  8:02  Photon Cannon  
  141  8:03  Photon Cannon  
  141  8:07  Photon Cannon  
  141  8:10  Shield Battery  
  141  8:12  Disruptor (Chrono Boost)  
  144  8:20  Shield Battery  
  144  8:22  Photon Cannon x2, Tempest (Chrono Boost)  
  144  8:27  Tempest (Chrono Boost)  
  154  8:37  Probe  
  154  8:40  Disruptor, Tempest (Chrono Boost)  
  163  8:44  Zealot x2  
  167  8:49  Cybernetics Core  
  167  8:51  Cybernetics Core  
  166  9:04  Zealot x2  
  166  9:05  Carrier (Chrono Boost)  
  166  9:08  Carrier (Chrono Boost), Probe  
  166  9:09  Probe  
  158  9:11  Probe  
  158  9:15  Probe  
  158  9:16  Disruptor  
  150  9:20  Probe  
  151  9:25  Probe  
  151  9:27  Probe  
  151  9:28  Probe  
  143  9:32  Probe  
  143  9:34  Carrier (Chrono Boost)  
  143  9:37  Probe  
  151  9:46  Gateway  
  151  9:48  Gateway  
  151  9:49  Pylon  
  151  9:51  Disruptor, Pylon  
  154  9:56  Assimilator, Pylon  
  154  9:57  Void Ray (Chrono Boost)  
  154  9:58  Assimilator  
  154  9:59  Void Ray (Chrono Boost)  
  154  10:07  Protoss Air Weapons Level 2 (Chrono Boost)  
  162  10:15  Photon Cannon  
  162  10:19  Photon Cannon  
  162  10:20  Shield Battery  
  162  10:21  Nexus  
  162  10:22  Carrier (Chrono Boost), Pylon  
  162  10:27  Disruptor  
  171  10:30  Void Ray (Chrono Boost)  
  171  10:31  Probe  
  171  10:32  Probe  
  171  10:33  Probe  
  163  10:37  Flux Vanes  
  163  10:38  Probe  
  168  10:43  Probe  
  168  10:44  Probe  
  168  10:45  Probe  
  168  10:46  Photon Cannon  
  168  10:47  Photon Cannon  
  168  10:48  Photon Cannon  
  171  10:50  Probe, Shield Battery  
  171  11:02  Carrier (Chrono Boost)  
  177  11:10  Pylon  
  177  11:11  Pylon  
  177  11:12  Pylon  
  177  11:16  Void Ray (Chrono Boost)  
  175  11:20  Probe x2  
  175  11:24  Probe  
  171  11:26  Probe  
  171  11:30  Void Ray (Chrono Boost)  
  174  11:34  Zealot x2  
  174  11:40  Pylon  
  174  11:42  Pylon  
  174  11:44  Twilight Council, Probe x2  
  174  11:47  Pylon x2  
  176  11:48  Void Ray (Chrono Boost)  
  176  11:52  Void Ray (Chrono Boost)  
  176  11:53  Photon Cannon  
  180  11:55  Photon Cannon  
  180  11:58  Disruptor, Pylon  
  180  12:00  Photon Cannon  
  187  12:01  Photon Cannon  
  187  12:07  Void Ray (Chrono Boost)  
  191  12:09  Pylon  
  191  12:12  Zealot x2  
  195  12:20  Probe  
  196  12:25  Photon Cannon  
  196  12:26  Shield Battery  
  196  12:31  Charge  
  196  12:32  Templar Archives  
  196  12:34  Observer (Chrono Boost), Gateway  
  196  12:36  Gateway  
  197  12:41  Protoss Air Armor Level 1 (Chrono Boost)  
  197  12:45  Protoss Air Weapons Level 3 (Chrono Boost)  
  197  12:48  Photon Cannon  
  197  12:49  Photon Cannon  
  197  12:55  Observer (Chrono Boost)  
  198  12:59  Robotics Facility  
  198  13:04  Zealot  
  197  13:13  Observer, Zealot  
  196  13:31  Carrier (Chrono Boost)  
  194  13:34  Disruptor (Chrono Boost)  
  197  14:02  Disruptor  
  193  14:03  Carrier (Chrono Boost)  
  193  14:04  Probe  
  192  14:11  Probe  
  192  14:14  Carrier (Chrono Boost), Probe  
  192  14:15  Nexus  
  200  14:24  Stargate  
  200  14:26  Pylon  
  200  14:27  Pylon  
  197  14:45  Void Ray (Chrono Boost)  
  193  14:47  Pylon  
  193  14:51  Void Ray (Chrono Boost)  
  193  14:52  Pylon  
  182  14:53  Pylon  
  180  15:02  Void Ray (Chrono Boost)  
  180  15:10  Void Ray (Chrono Boost)  
  181  15:16  Photon Cannon  
  181  15:18  Photon Cannon  
  178  15:26  Probe  
  184  15:29  Void Ray (Chrono Boost)  
  184  15:31  Carrier (Chrono Boost)  
  184  15:34  Void Ray (Chrono Boost)  
  179  15:37  Probe  
  184  15:43  Carrier (Chrono Boost)  
  184  15:48  Pylon x2  
  190  15:51  Assimilator  
  190  15:52  Zealot  
  190  15:54  Void Ray (Chrono Boost)  
  190  15:55  Assimilator  
  195  15:57  Pylon  
  195  16:02  Disruptor (Chrono Boost)  
  199  16:12  Observer (Chrono Boost)  
  199  16:17  Photon Cannon  
  200  16:18  Photon Cannon  
  200  16:19  Shield Battery  
  194  16:33  Void Ray (Chrono Boost)  
  194  16:34  Void Ray (Chrono Boost)  
  194  16:38  Protoss Air Armor Level 2 (Chrono Boost)  
  194  16:39  Probe  
  196  16:40  Probe x2  
  186  17:00  Psionic Storm  
  172  17:04  Void Ray  
  172  17:06  Void Ray  
  172  17:09  Photon Cannon  
  172  17:11  Photon Cannon, Probe  
  172  17:13  Shield Battery  
  181  17:17  Shield Battery  
  181  17:24  High Templar x4  
  181  17:28  Disruptor (Chrono Boost)  
  193  17:36  Photon Cannon  
  196  17:46  Tempest (Chrono Boost)  
  197  18:05  Nexus  
  197  18:09  Pylon  
  197  18:35  Photon Cannon  
  197  18:36  Photon Cannon  
  197  18:38  Photon Cannon  
  197  18:39  Shield Battery  
  197  18:48  Observer  
  198  18:57  Zealot  
  193  19:11  Protoss Shields Level 1 (Chrono Boost)  
  193  19:17  Photon Cannon  
  193  19:19  High Templar x2, Shield Battery  
  193  19:20  Photon Cannon  
  193  19:21  Photon Cannon  
  193  19:22  Pylon, Shield Battery  
  197  19:25  Pylon  
  197  19:28  Photon Cannon  
  197  19:35  Protoss Air Armor Level 3 (Chrono Boost)  
  197  19:40  Observer (Chrono Boost), Pylon  
  198  19:46  Nexus  
  198  19:47  Pylon  
  197  19:56  Shield Battery  
  197  19:58  Photon Cannon  
  197  20:01  Shield Battery x2  
  197  20:14  Observer (Chrono Boost)  
  198  20:36  Nexus  
  198  20:38  Pylon  
  198  20:42  Pylon  
  198  21:01  Nexus  
  198  21:03  Pylon  
  198  21:04  Pylon  
  198  21:13  Observer  
  199  21:23  Shield Battery  
  199  21:24  Shield Battery  
  199  21:26  Photon Cannon  
  199  21:28  Photon Cannon  
  199  21:42  Protoss Shields Level 2  
  199  21:46  Shield Battery  
  199  21:48  Shield Battery  
  199  21:51  Pylon  
  199  21:52  Observer, Pylon  
  199  21:53  Unknown  
  177  22:26  Void Ray (Chrono Boost), High Templar x4  
  177  22:39  Carrier x2 (Chrono Boost)  
  177  22:43  Carrier (Chrono Boost)  
  181  22:58  Void Ray (Chrono Boost), High Templar x2  
  181  22:59  High Templar x2  
  193  23:06  Archon x2  
  173  23:27  Void Ray x2 (Chrono Boost)  
  173  23:30  Void Ray (Chrono Boost)  

Tags
 
Add a new tag
Caveats
  • Supply blocks, unpowered buildings, or Contaminate may cause inaccurate times.
  • Supply counts are checked every 10 seconds.